 Dungeon Crawl Stone Soup version 0.29-a0-330-g52719c12eb (webtiles) character file.

Game seed: 1948118116446337331

77 kae the Sneak (level 4, -3/21 HPs)
             Began as a Spriggan Enchanter on Apr 20, 2022.
             Slain by an orc wizard
             ... wielding a +0 dagger
              (4 damage)
             ... on level 2 of the Dungeon.
             The game lasted 00:01:23 (2348 turns).

kae the Sneak (Spriggan Enchanter)                  Turns: 2348, Time: 00:01:24

Health: -3/21      AC:  2    Str:  6    XL:     4   Next: 14%
Magic:  2/9        EV: 17    Int: 16    God:
Gold:   122        SH:  0    Dex: 15    Spells: 1/9 levels left

rFire   . . .      SeeInvis +   a - +1 dagger
rCold   . . .      Faith    .   (no shield)
rNeg    . . .      Spirit   .   b - +0 robe
rPois   .          Reflect  .   (helmet restricted)
rElec   .          Harm     .   (no cloak)
rCorr   .          Rampage  .   (gloves unavailable)
Will    .....                   (boots unavailable)
Stlth   +++.......              (no amulet)
HPRegen 0.07/turn               (no ring)
MPRegen 0.11/turn               (no ring)

@: mighty, very slightly contaminated, very quick
A: very small, no large weapons, unfitting armour, see invisible, speed 3
a: no special abilities


You were on level 2 of the Dungeon.
You visited 1 branch of the dungeon, and saw 2 of its levels.

You collected 122 gold pieces.

Inventory:

Hand Weapons
 a - a +1 dagger (weapon)
Armour
 b - a +0 robe (worn)
Scrolls
 d - a scroll of immolation {unknown}
 f - 2 scrolls of teleportation {unknown}
 h - a scroll of blinking {unknown}
 k - a scroll of identify
Potions
 c - 2 potions of invisibility
 e - a potion of lignification
 g - a potion of degeneration
 i - a potion of mutation


   Skills:
 + Level 0.5 Fighting
 * Level 2.4 Short Blades
 + Level 3.2 Dodging
 + Level 5.0 Stealth
 + Level 3.2 Spellcasting
 * Level 4.3 Hexes


You had one spell level left.
You knew the following spells:

 Your Spells              Type           Power      Damage    Failure   Level
a - Ensorcelled Hibernat  Hex/Ice        18%        N/A       12%         2
b - Confusing Touch       Hex            16%        N/A       10%         3
c - Tukima's Dance        Hex            16%        N/A       10%         3

Your spell library contained the following spells:

 Spells                   Type           Power      Damage    Failure   Level
 Dazzling Flash           Conj/Hex       18%        N/A       22%         3


Dungeon Overview and Level Annotations

Branches:
Dungeon (2/15)

Altars:

Shops:
D:2 (


Innate Abilities, Weirdness & Mutations

You are very small and have problems with some larger weapons.
You are too small for most types of armour.
You have supernaturally acute eyesight. (SInv)
You cover ground extremely quickly. (Speed+++)


Message History

Nothing appears to happen.
The orc wizard completely misses you. The orc hits you but does no damage.
Casting: Ensorcelled Hibernation (safe; 12% risk of failure)
Confirm with . or Enter, or press ? or * to list all spells.
Aiming: Ensorcelled Hibernation (safe; 12% risk of failure)
Press: ? - help, Shift-Dir - straight line, f/p - orc
Aim: an orc, wielding a +0 hand axe (chance to affect: 61%)
The orc looks drowsy...
The orc wizard points at you and mumbles some strange words.
The magic dart hits you.
* * * LOW HITPOINT WARNING * * *
The helpless orc fails to defend itself.
You impale the orc!!
You kill the orc!
The orc wizard hits you with a +0 dagger.
* * * LOW HITPOINT WARNING * * *
Okay, then.
Casting: Ensorcelled Hibernation (safe; 12% risk of failure)
Confirm with . or Enter, or press ? or * to list all spells.
Aiming: Ensorcelled Hibernation (safe; 12% risk of failure)
Press: ? - help, Shift-Dir - straight line, f - orc wizard
Aim: an orc wizard, wielding a +0 dagger and wearing a +0 robe (lightly wounded, chance to affect: 43%)
The orc wizard resists with some effort.
The orc wizard hits you with a +0 dagger.
* * * LOW HITPOINT WARNING * * *
Casting: Ensorcelled Hibernation (safe; 12% risk of failure)
Confirm with . or Enter, or press ? or * to list all spells.
You don't have enough magic to cast this spell.
It was a potion of might.
You feel very mighty all of a sudden.
The orc wizard hits you but does no damage.
You barely miss the orc wizard.
The orc wizard is lightly wounded.
The orc wizard completely misses you.
You barely miss the orc wizard.
The orc wizard is lightly wounded.
You hit the orc wizard.
The orc wizard is heavily wounded.
The orc wizard hits you with a +0 dagger.
You die...

#..........#.##
.####
#........#....#
#.
#........#....#
#.
#######.......#
#. ##......# #.
########....###
#.
#.............#
#.
#.............#
#.
#...)@..##....#
#. #...o)..#
....# #.......#
....# #.......#
....# #...#####
#### #... #...
#...


You could see an orc wizard.

Vanquished Creatures
  3 adders (D:2)
  A dart slug (D:1)
  2 orcs (D:2)
  2 endoplasms
  3 giant cockroaches
  3 goblins
  6 hobgoblins
  2 jackals (D:2)
  7 kobolds
  2 quokkas
  4 ball pythons
  4 bats
  2 frilled lizards (D:2)
  2 rats (D:1)
43 creatures vanquished.

Notes
Turn   | Place    | Note
-------+----------+-------------------------------------------
     0 | D:1      | kae the Spriggan Enchanter began the quest for the Orb.
     0 | D:1      | Reached XP level 1. HP: 9/9 MP: 5/5
   442 | D:1      | Reached XP level 2. HP: 13/13 MP: 6/6
   824 | D:1      | Learned a level 2 spell: Ensorcelled Hibernation
  1395 | D:2      | Reached XP level 3. HP: 17/17 MP: 8/8
  1399 | D:2      | Learned a level 3 spell: Confusing Touch
  1421 | D:2      | Learned a level 3 spell: Tukima's Dance
  2134 | D:2      | Found Okuelel's Weapon Boutique.
  2139 | D:2      | Reached XP level 4. HP: 21/21 MP: 9/9
  2341 | D:2      | Reached skill level 5 in Stealth
  2344 | D:2      | HP: 1/21 [orc wizard/+0 dagger (1)]
  2348 | D:2      | Slain by an orc wizard

Illustrated notes

Levels and vault maps discovered:
D:1:      saegor_arrival_fortress, layout_loops_ring
D:2:      layout_basic, serial_shops, nicolae_shop_bloodbath_and_beyond,
          wad_floor_pattern_untrapped, kennysheep_generic_room_11

Skill      XL: |  1  2  3  4 |
---------------+-------------+-----
Short Blades   | 2 |  2.4
Spellcasting   | 3 |  3.2
Hexes          | 4 |  4.3
Dodging        | 3 |  3.2
Stealth        | 5 |  5.0
Fighting       | |  0.5

Action                   |  1- 3 |  4- 6 || total
-------------------------+-------+-------++-------
Melee: Dagger            |   113 |    23 ||   136
       Punch             |     1 |       ||     1
 Cast: Ensorcelled Hiber |     2 |     6 ||     8
  Use: Scroll            |     5 |       ||     5
       Potion            |     1 |     1 ||     2
 Stab: Sleeping          |    13 |     5 ||    18
Armor: Robe              |    11 |     5 ||    16
       Skin              |     1 |       ||     1
Dodge: Dodged            |    74 |    23 ||    97

Table legend: (Time is in decaauts)
 A = Elapsed time spent in this place.
 B = Non-inter-level travel time spent in this place.
 C = Inter-level travel time spent in this place.
 D = Time resting spent in this place.
 E = Time spent auto-exploring this place.
 F = Levels seen in this place.
 G = Mean time per level.
                   A        B        C        D        E       F      G
               +--------+--------+--------+--------+--------+-----+--------+
         Total |   1877 |   1868 |      9 |    135 |   1453 |   2 |  938.5 |
       Dungeon |   1877 |   1868 |      9 |    135 |   1453 |   2 |  938.5 |
               +--------+--------+--------+--------+--------+-----+--------+

Top non-repeatable levels by time:
     D:1: 1097 daAuts
     D:2: 779 daAuts
